cohdb
Replays
Latest Replays
All Replays
Popular Replays
Top Player Replays
Match Explorer
How It Works
Community
CoH3 Stats
Reddit
Sign in to upload your games and track your stats! →
Sign in with Steam
Match 40841688
Unlisted
Match 40841688
Overview
Messages
Build Orders
End
Panzergrenadier Squad
Selects Battlefield Espionage Battlegroup
Panzergrenadier Squad
250 Light Carrier
Construct Light Support Kompanie
2.5-tonne Medical Truck
Combat Half-tracks
Fire Support Elements
Selects Intel Disruption Beacon
Flakvierling Half-track
le.IG 18 Mechanized Group
Selects 250/3 Funkpanzerwagen
Selects Transfer Depots
Assault Grenadier Squad
le.IG 18 Support Gun Team
Goeth.cl
CPU - Wrong one to garden with
iru
DCR88
KHALIFA-MHR
彡★🔻SALADIN🔻★彡
0
0
Comments
sign in to comment!
No comments posted yet!